 Dungeon Crawl Stone Soup version 0.19-a0-749-g66ae36b (webtiles) character file.

3230 incide the Destroyer (level 9, -4/45 HPs)
             Began as a Deep Elf Fire Elementalist on June 24, 2016.
             Was a Believer of Vehumet.
             Slain by Tiamon's ghost (13 damage)
             ... on level 8 of the Dungeon.
             The game lasted 00:26:43 (9909 turns).

incide the Destroyer (Deep Elf Fire Elementalist)   Turns: 9909, Time: 00:26:43

Health: -4/45      AC:  8    Str:  5    XL:     9   Next: 66%
Magic:  0/24       EV: 13    Int: 24    God:    Vehumet [**....]
Gold:   203        SH:  0    Dex: 15    Spells: 6 memorised, 9 levels left

rFire  + . .     SeeInvis .     e - +0 long sword (protect)
rCold  . . .     Gourm    .     a - +0 robe
rNeg   . . .     Faith    .     (no shield)
rPois  .         Spirit   .     D - +0 helmet
rElec  .         Dismiss  .     I - +0 cloak
rCorr  .         Reflect  .     (no gloves)
SustAt .         Harm     .     (no boots)
MR     .....                    (no amulet)
Stlth  ++........               (no ring)
                                i - ring of protection from fire

@: not resistant to hostile enchantments, unstealthy
A: hooves 1, deformed body, subdued magic 1, MP-powered wands
a: Renounce Religion


You were on level 8 of the Dungeon.
You worshipped Vehumet.
Vehumet was pleased with you.
You were near starving.

You visited 2 branches of the dungeon, and saw 9 of its levels.

You collected 323 gold pieces.
You spent 120 gold pieces at shops.

Inventory:

Hand Weapons
 e - a +0 long sword of protection (weapon)
 l - a +2 hand axe of chopping
 v - a +1 whip of flaming
 y - a +2 dagger of venom
 H - a +2 quarterstaff of chaos
 P - a +0 glaive of chopping
 Q - the +1 rapier of Yshrikhi {freeze, rElec}
   (You found it on level 7 of the Dungeon)

   It has been specially enchanted to freeze those struck by it, causing extra
   injury to most foes and up to half again as much damage against particularly
   susceptible opponents.
   It can also slow down cold-blooded creatures.
   It insulates you from electricity.
Missiles
 J - 4 needles of frenzy
Armour
 a - a +0 robe (worn)
 D - a +0 helmet (worn)
 I - a +0 cloak (worn)
Jewellery
 i - a ring of protection from fire (left hand)
 K - an uncursed ring of fire {unknown}
Wands
 x - a wand of hasting (7/9)
Scrolls
 d - 4 scrolls of identify {unknown}
 h - a scroll of random uselessness {unknown}
 o - a scroll of enchant armour {unknown}
 q - 2 scrolls of remove curse {unknown}
 s - 3 scrolls of amnesia {unknown}
 t - 2 scrolls of enchant weapon {unknown}
 u - 2 scrolls of teleportation {unknown}
 A - a scroll of summoning {unknown}
 B - a scroll of fog {unknown}
 E - a scroll of magic mapping {unknown}
 F - a scroll of vulnerability {unknown}
 M - 2 scrolls of noise {unknown}
 O - a scroll of torment {unknown}
 R - a scroll of holy word {unknown}
Potions
 f - 6 potions of curing
 j - 2 potions of degeneration {unknown}
 k - 2 potions of agility {unknown}
 m - 2 potions of berserk rage {unknown}
 n - a potion of cancellation {unknown}
 p - 2 potions of brilliance {unknown}
 r - 3 potions of resistance {unknown}
 w - 3 potions of lignification {unknown}
 z - 4 potions of heal wounds
 G - a potion of magic {unknown}
 S - a potion of haste {unknown}
Books
 b - a book of Flames

   Spells                             Type                      Level
   a - Flame Tongue                   Conjuration/Fire             1
   b - Throw Flame                    Conjuration/Fire             2
   c - Conjure Flame                  Conjuration/Fire             3
   d - Inner Flame                    Hexes/Fire                   3
   e - Sticky Flame                   Conjuration/Fire             4
   f - Fireball                       Conjuration/Fire             5
 C - an Akashic Record

   Spells                             Type                      Level
   a - Dispersal                      Translocation                6
   b - Malign Gateway                 Summoning/Translocation      7
   c - Disjunction                    Translocation                8
   d - Controlled Blink               Translocation                8
 L - a book of the Warp

   Spells                             Type                      Level
   a - Recall                         Summoning/Translocation      3
   b - Gell's Gravitas                Hexes/Translocation          3
   c - Force Lance                    Conjuration/Translocation    4
   d - Warp Weapon                    Charms/Translocation         5
   e - Summon Forest                  Summoning/Translocation      5
 N - a book of the Sky

   Spells                             Type                      Level
   a - Summon Lightning Spire         Summoning/Air                4
   b - Airstrike                      Air                          4
   c - Silence                        Hexes/Air                    5
   d - Deflect Missiles               Charms/Air                   6
   e - Conjure Ball Lightning         Conjuration/Air              6
   f - Tornado                        Air                          9
Comestibles
 c - 4 bread rations
 g - 6 meat rations


   Skills:
 - Level 2.4 Dodging
 - Level 2.4 Stealth
 + Level 9.1 Spellcasting
 - Level 11.8 Conjurations
 - Level 6.0 Fire Magic


You had 9 spell levels left.
You knew the following spells:

 Your Spells              Type           Power        Failure   Level  Hunger
a - Flame Tongue          Conj/Fire      #####        1%          1    None
b - Throw Flame           Conj/Fire      #####.       1%          2    None
c - Conjure Flame         Conj/Fire      #####...     1%          3    None
d - Inner Flame           Hex/Fire       ###.....     4%          3    None
e - Sticky Flame          Conj/Fire      #####...     1%          4    ##.....
f - Force Lance           Conj/Tloc      ####....     4%          4    ##.....


Dungeon Overview and Level Annotations

Branches:
Dungeon (8/15)             Temple (1/1) D:5
   Lair: D:8-11

Altars:
Ashenzari
Cheibriados
Dithmenos
Elyvilon
Fedhas
Gozag
Hepliaklqana
Kikubaaqudgha
Makhleb
Nemelex Xobeh
Okawaru
Pakellas
Qazlal
Ru
Sif Muna
Trog
Uskayaw
Vehumet
Xom
Yredelemnul
Zin
The Shining One

Shops:
D:8 ![

Annotations:
D:8 Tiamon's ghost, novice TrMo


Innate Abilities, Weirdness & Mutations

You have large cloven feet.
Armour fits poorly on your strangely shaped body.
Your spells are a little easier to cast, but a little less powerful.
You expend magic power (3 MP) to strengthen your wands.


Message History

Tiamon's ghost is engulfed in roaring flames.
Tiamon's ghost hits you!
The crimson imp blinks!
Casting: Force Lance
Confirm with . or Enter, or press ? or * to list all spells.
Aiming: Force Lance
Press: ? - help, Shift-Dir - straight line, f/p - Tiamon's ghost
Aim: Tiamon's ghost (flame, heavily damaged)
The lance of force misses Tiamon's ghost.
Tiamon's ghost is engulfed in roaring flames.
Tiamon's ghost hits you!!
* * * LOW HITPOINT WARNING * * *
Casting: Force Lance
Confirm with . or Enter, or press ? or * to list all spells.
Aiming: Force Lance
Press: ? - help, Shift-Dir - straight line, f/p - Tiamon's ghost
Aim: Tiamon's ghost (flame, severely damaged)
The lance of force misses Tiamon's ghost.
Tiamon's ghost is engulfed in roaring flames.
Tiamon's ghost hits you!
You die...

##....<..........#
##..##..
#[##..........#.##
#..##..
#.##<..[....###..#
#......
##.#...##..## ##.##
##..... #.##.....##
#..#######.###..
###.....##
##.#.......# ##.
#......#
###.......#..# ##
##.....##
###.....######.# #
#......####.W@....#
#.## #
###....##...#####.#
#..# ## #.......###
#.# ##.###.
#.....5##
#.######......
##....##
##...##......#.
#.....#
##.##...>.##....
##..5..###
##.#####.#####...
###...##...####.##
#..# ##..
.#.....#.....W...#
##.####...


You could see Tiamon's ghost and a crimson imp.

Vanquished Creatures
  A troll (D:8)
  Prince Ribbit (D:5)
  A hippogriff (D:8)
  Menkaure (D:5)
  2 orc warriors
  A sky beast (D:7)
  2 ice beasts
  5 ogres
  2 centaurs
  4 wights (D:6)
  3 crimson imps (D:7)
  The ghost of Tiamon the Sneak, a weakling SpAs of Jiyva (D:3)
  2 hounds
  3 centaur skeletons
  2 giant frog skeletons
  A jelly (D:8)
  Crazy Yiuf (D:5)
  2 orc priests (D:6)
  3 orc wizards
  7 iguanas
  4 worker ants
  A howler monkey skeleton (D:7)
  10 adders
  4 river rats (D:6)
  4 shadow imps
  2 oozes
  2 adder skeletons
  2 worms
  A dart slug (D:2)
  2 giant geckos
  17 orcs
  8 bats
  5 giant cockroaches
  6 goblins
  4 hobgoblins
  9 jackals
  4 quokkas
  7 giant newts
  5 kobolds
  A quokka skeleton (D:5)
  7 rats
  A plant (D:6)
151 creatures vanquished.

Vanquished Creatures (others)
  3 plants (D:6)
3 creatures vanquished.

Grand Total: 154 creatures vanquished

Notes
Turn   | Place    | Note
--------------------------------------------------------------
     0 | D:1      | incide the Deep Elf Fire Elementalist began the quest for the Orb.
     0 | D:1      | Reached XP level 1. HP: 10/10 MP: 6/6
    63 | D:1      | HP: 1/10 [kobold/dagger (2)]
   619 | D:1      | Reached XP level 2. HP: 15/15 MP: 5/8
   620 | D:1      | Reached skill level 4 in Fire Magic
  1289 | D:2      | Found a white marble altar of Elyvilon.
  1537 | D:2      | Reached XP level 3. HP: 15/19 MP: 5/9
  1592 | D:2      | Learned a level 2 spell: Throw Flame
  1596 | D:2      | Learned a level 3 spell: Conjure Flame
  1627 | D:2      | Found a stormy altar of Qazlal.
  1629 | D:2      | Noticed an earth elemental
  1630 | D:2      | Noticed an air elemental
  1630 | D:2      | Noticed a water elemental
  1630 | D:2      | Noticed a fire elemental
  1758 | D:2      | Reached skill level 5 in Fire Magic
  1775 | D:2      | HP: 3/19 [poisoned by an adder]
  2295 | D:3      | Noticed Tiamon's ghost (weakling SpAs)
  2338 | D:3      | HP: 1/19 [worm (4)]
  2908 | D:3      | Killed Tiamon's ghost
  2908 | D:3      | Reached XP level 4. HP: 12/24 MP: 0/10
  3267 | D:3      | Learned a level 3 spell: Inner Flame
  3323 | D:3      | Found an iron altar of Okawaru.
  3360 | D:3      | Reached skill level 6 in Fire Magic
  3486 | D:4      | Noticed an ogre
  3497 | D:4      | Killed an ogre
  3497 | D:4      | Reached skill level 5 in Spellcasting
  3497 | D:4      | Reached XP level 5. HP: 28/28 MP: 2/14
  3503 | D:4      | Learned a level 4 spell: Sticky Flame
  3562 | D:4      | Reached skill level 2 in Conjurations
  3562 | D:4      | Reached XP level 6. HP: 17/32 MP: 2/15
  3811 | D:4      | Reached skill level 3 in Conjurations
  4100 | D:4      | Noticed an angel
  4101 | D:4      | Found a shimmering altar of Xom.
  4103 | D:4      | Found a glowing silver altar of Zin.
  4282 | D:4      | Reached skill level 4 in Conjurations
  4484 | D:4      | Found a hide-covered altar of Uskayaw.
  4484 | D:4      | Found a hazy altar of Hepliaklqana.
  4928 | D:5      | Entered Level 5 of the Dungeon
  4928 | D:5      | Noticed Prince Ribbit
  4928 | D:5      | Noticed an ice beast
  4932 | D:5      | Killed an ice beast
  4932 | D:5      | Reached skill level 5 in Conjurations
  4968 | D:5      | Killed Prince Ribbit
  4968 | D:5      | Reached skill level 6 in Conjurations
  4968 | D:5      | Reached XP level 7. HP: 19/36 MP: 5/16
  5173 | D:5      | Found a staircase to the Ecumenical Temple.
  5182 | Temple   | Entered the Ecumenical Temple
  5376 | Temple   | Became a worshipper of Vehumet
  5488 | D:5      | Noticed Menkaure
  5502 | D:5      | Killed Menkaure
  5502 | D:5      | Reached skill level 7 in Conjurations
  5819 | D:5      | Found a runed door.
  5910 | D:5      | Noticed Crazy Yiuf
  5914 | D:5      | Killed Crazy Yiuf
  6215 | D:6      | Reached skill level 8 in Conjurations
  6215 | D:6      | Reached XP level 8. HP: 35/41 MP: 3/17
  6455 | D:6      | Found a basalt altar of Yredelemnul.
  6469 | D:6      | Reached skill level 9 in Conjurations
  6587 | D:6      | Reached * piety under Vehumet
  6587 | D:6      | Offered knowledge of Sandblast by Vehumet.
  6684 | D:6      | Reached skill level 10 in Conjurations
  6810 | D:6      | You fall through a shaft!
  7109 | D:6      | Reached skill level 11 in Conjurations
  7243 | D:6      | Reached XP level 9. HP: 38/45 MP: 8/18
  7500 | D:7      | Learned a level 4 spell: Force Lance
  7778 | D:7      | Offered knowledge of Magic Dart by Vehumet.
  7823 | D:7      | Found a blossoming altar of Fedhas.
  7832 | D:7      | Reached ** piety under Vehumet
  7968 | D:7      | Got a brightly glowing rapier
  7969 | D:7      | Identified the +1 rapier of Yshrikhi {freeze, rElec} (You found it on level 7 of the Dungeon)
  8268 | D:8      | Found Ceosatzo's Armour Boutique.
  8275 | D:8      | Found Fekasiagga's Distillery.
  8283 | D:8      | Bought a potion of mutation for 30 gold pieces
  8283 | D:8      | Bought a potion of heal wounds for 60 gold pieces
  8283 | D:8      | Bought a potion of mutation for 30 gold pieces
  8294 | D:8      | Gained mutation: Your spells are a little easier to cast, but a little less powerful. [potion of mutation]
  8294 | D:8      | Gained mutation: You are dopey. (Int -2) [potion of mutation]
  8294 | D:8      | Gained mutation: You expend magic power (3 MP) to strengthen your wands. [potion of mutation]
  8295 | D:8      | Gained mutation: Armour fits poorly on your strangely shaped body. [potion of mutation]
  8295 | D:8      | Lost mutation: Armour fits poorly on your strangely shaped body. [potion of mutation]
  8295 | D:8      | Gained mutation: You have large cloven feet. [potion of mutation]
  8296 | D:8      | Lost mutation: You are dopey. (Int -2) [potion of mutation]
  8296 | D:8      | Gained mutation: Armour fits poorly on your strangely shaped body. [potion of mutation]
  8352 | D:8      | Reached skill level 6 in Spellcasting
  8753 | D:8      | Reached skill level 7 in Spellcasting
  9042 | D:8      | Found a shattered altar of Ashenzari.
  9107 | D:8      | Reached skill level 8 in Spellcasting
  9109 | D:8      | Noticed Tiamon's ghost (novice TrMo)
  9560 | D:8      | Noticed a troll
  9568 | D:8      | Killed a troll
  9568 | D:8      | Reached skill level 9 in Spellcasting
  9674 | D:8      | Found a basalt altar of Yredelemnul.
  9683 | D:8      | Found an oddly glowing altar of Pakellas.
  9908 | D:8      | HP: 9/45 [Tiamon's ghost (19)]
  9909 | D:8      | Slain by Tiamon's ghost

Vault maps used:
D:1:      minmay_arrival_pointy
D:2:      nicolae_qazlal_style_of_elements, elyvilon_altar_3
D:3:      lemuel_crystal_altar, first_bread
D:4:      minmay_door_path, grunt_temple_overflow_order_and_chaos_1,
          gammafunk_temple_overflow_elements
D:5:      hex_medium, supply_closet_lemuel, uniq_prince_ribbit1, uniq_menkaure,
          uniq_crazy_yiuf_cottage
D:6:      wad_woods_stonehenge
D:7:      lemuel_doored_altar
D:8:      minmay_shop_star, amethyst_overflow_temple_binary,
          cheibrodos_ashenzari_chains
Temple:   minmay_temple_bridge_abc

Skill      XL: |  1  2  3  4  5  6  7  8  9 |
---------------+----------------------------+-----
Fire Magic     | 4 5 6 |  6.0
Spellcasting   | 5 9 |  9.1
Conjurations   | 2 6 8 11 | 11.8
Dodging        | |  2.4
Stealth        | |  2.4

Action                   |  1- 3 |  4- 6 |  7- 9 || total
-------------------------+-------+-------+-------++-------
Melee: Unarmed           |    10 |       |       ||    10
       Hand axe          |    38 |     7 |       ||    45
       Whip              |       |     2 |     4 ||     6
       Scimitar          |       |       |    74 ||    74
       Quarterstaff      |       |       |     3 ||     3
       Long sword        |       |       |     2 ||     2
       Kick              |       |       |     1 ||     1
 Cast: Flame Tongue      |    76 |    53 |    95 ||   224
       Conjure Flame     |       |     1 |     8 ||     9
       Sticky Flame      |       |     6 |    24 ||    30
       Throw Flame       |       |       |    60 ||    60
       Inner Flame       |       |       |     7 ||     7
       Force Lance       |       |       |    23 ||    23
  Use: Potion            |     1 |       |     3 ||     4
 Stab: Sleeping          |     3 |     1 |       ||     4
  Eat: Chunk             |     6 |     6 |    12 ||    24
       Beef jerky        |       |       |     2 ||     2
       Meat ration       |       |       |     1 ||     1
Armor: Robe              |    21 |     5 |    42 ||    68
Dodge: Dodged            |    68 |    28 |    83 ||   179
